 Dungeon Sprint DCSS version 0.15-a0-2265-gb33f7a6 (webtiles) character file.

9200000 BluebellGnoll the Formicid Barricade (level 27, -15/245 (249) HPs)
             Began as a Formicid Fighter on July 27, 2014.
             Was the Champion of Makhleb.
             Killed from afar by a lost soul (112 damage)
             ... with a bolt of negative energy
             ... in the Dungeon (Sprint VIII: "Arena of Blood").
             The game lasted 00:04:39 (92 turns).

BluebellGnoll the Formicid Barricade (FoFi)           Turns: 92, Time: 00:04:40

HP -15/245 (249) AC 12     Str 22      XL: 27
MP  37/50        EV 29     Int 11      God: Makhleb [******]
Gold 0           SH 18     Dex 19      Spells:  0 memorised, 80 levels left

rFire  . . .     SeeInvis +     h - +∞ Axe of Woe
rCold  . . .     Clarity  .     b - +0 scale mail
rNeg   . . .     rCorr    .     c - +0 shield
rPois  .         rRot     .     (helmet unavailable)
rElec  .         Spirit   .     (no cloak)
SustAb .         Warding  .     (no gloves)
rMut   .         Stasis   +     (no boots)
Gourm  .                        (no amulet)
MR     ++...                    (no ring)
                                (no ring)

@: marked, rotting, heavily drained, very resistant to hostile enchantments,
extremely stealthy
A: permanent stasis, dig shafts and tunnels, four strong arms, antennae 3
a: Dig, Minor Destruction, Lesser Servant of Makhleb, Major Destruction, Greater
Servant of Makhleb, Renounce Religion


You were in the Dungeon.
You worshipped Makhleb.
Makhleb was exalted by your worship.
You were not hungry.

You visited 1 branch

Inventory:

Hand weapons
 a - a +0 war axe
 h - the +∞ Axe of Woe (weapon)
   (You found it in the Dungeon)
Armour
 b - a +0 scale mail (worn)
 c - a +0 shield (worn)
Comestibles
 d - a bread ration
Potions
 e - a potion of might
 f - a potion of curing
 g - a potion of heal wounds
 i - 2 potions of magic


   Skills:
 O Level 27(24.1) Fighting
 O Level 27(24.1) Axes
 O Level 27(24.1) Throwing
 O Level 27(24.1) Armour
 O Level 27(24.1) Dodging
 O Level 27(24.1) Stealth
 O Level 27(24.1) Shields
 O Level 27(24.1) Unarmed Combat
 O Level 27(24.1) Spellcasting
 O Level 27(24.1) Invocations


You had 80 spell levels left.
You didn't know any spells.

Dungeon Overview and Level Annotations

Branches:
Dungeon (1/1)

Altars:
Makhleb


Innate Abilities, Weirdness & Mutations

Your are under a permanent stasis effect.
You can dig through walls and to a lower floor.
Your four strong arms can wield two-handed weapons with a shield.
You have a pair of large antennae on your head (SInv).


Message History

The fiery explosion engulfs the small abomination.
The fiery explosion engulfs the meat berserker. x2
Makhleb accepts your kill.
You feel a little better.
You slash the small abomination!
You dissect the small abomination like a pig carcass.
You destroy the small abomination!
Makhleb accepts your kill.
You hear a shout!
The accursed gestures at you while chanting.
Something smites you!
The lost soul throws negative energy at you.
The bolt of negative energy hits you!
You feel drained.
Ouch! That really hurt!
The accursed gestures at you while chanting.
Something smites you!
The meat berserker is engulfed in roaring flames.
You hear a shout!
The lost soul throws negative energy at you.
The bolt of negative energy hits you!
You feel drained.
You die...

...##...)#...X)..#.....#
#....))))#X)X....._.....
...#...).))))W.o....###......
.......))W..L.)###.... ..###.
............XXX..#.... ..#
.........))WM.X.#W.. ..#
.......#).).x....... ..
......#.#.#).).......
......#.#.)@OO.C.O2.
#...#.#.#)§§§.2z...
##...#.#..o§§#....
#...{oo..........
o.##..o..zo##M# . o
##o......{MoO o..####o. O ...
..


You could see 3 accurseds, 2 tentacled monstrosities, 2 meat beasts, a tyrant, 2
sculptors of flesh, a large bag of meat (inner flame), 5 large abominations, 4
lost souls, 5 meat berserkers, a small abomination and 10 bags of meat.

Vanquished Creatures
  Sigmund (D)
  3 greater mummies (D)
  8 hell beasts (D)
  2 hill giants (D)
  A hydra (D)
  4 liches (D)
  25 ogres (D)
  42 orcs (D)
  A phantom (D)
  2 skeletal warriors (D)
  13 vampire knights (D)
  3 wraiths (D)
  3 tentacled monstrosities (D)
  A small abomination (D)
  14 large abominations (D)
  2 shadows (D)
  2 crawling corpses (D)
127 creatures vanquished.

Vanquished Creatures (others)
  A green death (D)
1 creature vanquished.

Grand Total: 128 creatures vanquished

Notes
Turn   | Place    | Note
--------------------------------------------------------------
     0 | D        | BluebellGnoll, the Formicid Fighter, began the quest for the Orb.
     0 | D        | Reached XP level 1. HP: 18/18 MP: 1/1
     3 | D        | Noticed a bag of meat
     3 | D        | Noticed a meat berserker
     4 | D        | Killed a meat berserker
     4 | D        | Reached skill level 16 in Fighting
     4 | D        | Reached skill level 17 in Shields
     4 | D        | Reached XP level 2. HP: 21/46 MP: 3/3
     4 | D        | Reached XP level 3. HP: 23/52 MP: 4/4
     4 | D        | Reached XP level 4. HP: 26/59 MP: 5/5
     4 | D        | Reached XP level 5. HP: 28/65 MP: 7/7
     4 | D        | Reached XP level 6. HP: 31/73 MP: 8/8
     4 | D        | Reached XP level 7. HP: 33/79 MP: 9/9
     4 | D        | Reached XP level 8. HP: 35/86 MP: 11/11
     4 | D        | Reached XP level 9. HP: 37/92 MP: 12/12
     4 | D        | Reached XP level 10. HP: 39/99 MP: 13/13
     4 | D        | Reached XP level 11. HP: 41/106 MP: 15/15
     5 | D        | Became a worshipper of Makhleb the Destroyer
     7 | D        | Killed a bag of meat
     7 | D        | Reached skill level 19 in Fighting
     7 | D        | Reached skill level 10 in Axes
     7 | D        | Reached XP level 12. HP: 45/119 MP: 16/16
     7 | D        | Reached XP level 13. HP: 47/125 MP: 17/17
     8 | D        | Noticed a meat berserker
     9 | D        | Noticed a bag of meat
     9 | D        | Noticed a bag of meat
     9 | D        | Noticed a bag of meat
     9 | D        | Noticed a bag of meat
    10 | D        | Noticed a bag of meat
    10 | D        | Noticed a bag of meat
    11 | D        | Noticed a meat berserker
    11 | D        | Noticed a bag of meat
    12 | D        | Noticed a bag of meat
    12 | D        | Killed a meat berserker
    12 | D        | Acquired Makhleb's first power
    12 | D        | Reached skill level 21 in Shields
    12 | D        | Reached skill level 10 in Invocations
    12 | D        | Killed a bag of meat
    12 | D        | Reached skill level 23 in Shields
    12 | D        | Reached XP level 14. HP: 51/133 MP: 18/32
    13 | D        | Noticed a meat berserker
    13 | D        | Killed a bag of meat
    13 | D        | Reached skill level 15 in Axes
    13 | D        | Reached skill level 24 in Shields
    13 | D        | Reached XP level 15. HP: 93/139 MP: 18/34
    13 | D        | Killed a meat berserker
    13 | D        | Acquired Makhleb's second power
    13 | D        | Reached skill level 25 in Shields
    13 | D        | Killed a bag of meat
    13 | D        | Reached skill level 26 in Shields
    14 | D        | Noticed a bag of meat
    14 | D        | Noticed a meat berserker
    14 | D        | Noticed a bag of meat
    14 | D        | Killed a bag of meat
    14 | D        | Reached skill level 27 in Shields
    14 | D        | Reached XP level 16. HP: 142/146 MP: 18/37
    15 | D        | Noticed a meat berserker
    15 | D        | Noticed a meat berserker
    15 | D        | Noticed a meat berserker
    15 | D        | Noticed a meat berserker
    15 | D        | Noticed a bag of meat
    15 | D        | Noticed a bag of meat
    15 | D        | Noticed a bag of meat
    16 | D        | Noticed a large bag of meat
    16 | D        | Noticed a meat berserker
    16 | D        | Noticed a meat berserker
    16 | D        | Killed a bag of meat
    16 | D        | Acquired Makhleb's third power
    16 | D        | Killed a meat berserker
    16 | D        | Killed a meat berserker
    16 | D        | Reached XP level 17. HP: 149/153 MP: 19/39
    17 | D        | Noticed a bag of meat
    17 | D        | Killed a bag of meat
    17 | D        | Acquired Makhleb's fourth power
    17 | D        | Killed a meat berserker
    17 | D        | Reached skill level 27 in Axes
    17 | D        | Reached skill level 27 in Invocations
    17 | D        | Reached skill level 1 in Dodging
    18 | D        | Noticed a bag of meat
    18 | D        | Killed a meat berserker
    18 | D        | Reached XP level 18. HP: 160/164 MP: 19/41
    18 | D        | Killed a meat berserker
    19 | D        | Noticed a meat berserker
    19 | D        | Noticed a bag of meat
    19 | D        | Killed a meat berserker
    19 | D        | Acquired Makhleb's fifth power
    19 | D        | Killed a meat berserker
    20 | D        | Killed a bag of meat
    20 | D        | Reached XP level 19. HP: 178/182 MP: 20/41
    21 | D        | Noticed a meat berserker
    21 | D        | Killed a meat berserker
    21 | D        | Reached skill level 15 in Dodging
    21 | D        | Killed a large bag of meat
    22 | D        | Killed a bag of meat
    22 | D        | Reached skill level 27 in Fighting
    22 | D        | Killed a bag of meat
    22 | D        | Reached skill level 27 in Armour
    22 | D        | Killed a bag of meat
    22 | D        | Reached skill level 1 in Throwing
    22 | D        | Reached skill level 1 in Unarmed Combat
    22 | D        | Reached skill level 1 in Spellcasting
    22 | D        | Reached XP level 20. HP: 197/197 MP: 20/42
    23 | D        | Noticed a destroyer
    23 | D        | Noticed a destroyer
    23 | D        | Noticed a meat berserker
    24 | D        | Noticed a bag of meat
    24 | D        | Noticed a bag of meat
    24 | D        | Killed a bag of meat
    24 | D        | Killed a meat berserker
    25 | D        | Noticed a bag of meat
    25 | D        | Killed a meat berserker
    25 | D        | Reached skill level 5 in Stealth
    25 | D        | Killed a bag of meat
    25 | D        | Reached skill level 5 in Throwing
    25 | D        | Reached skill level 27 in Dodging
    25 | D        | Killed a bag of meat
    25 | D        | Reached XP level 21. HP: 204/204 MP: 21/43
    26 | D        | Noticed a destroyer
    27 | D        | Killed a bag of meat
    27 | D        | Killed a bag of meat
    28 | D        | Noticed a bag of meat
    28 | D        | Noticed a bag of meat
    28 | D        | Killed a meat berserker
    29 | D        | Killed a bag of meat
    29 | D        | Reached skill level 15 in Unarmed Combat
    29 | D        | Reached skill level 15 in Spellcasting
    29 | D        | Killed a destroyer
    29 | D        | Killed a bag of meat
    29 | D        | Reached skill level 15 in Throwing
    29 | D        | Reached XP level 22. HP: 212/212 MP: 21/43
    30 | D        | Noticed an eight-headed meat hydra
    30 | D        | Killed a destroyer
    31 | D        | Noticed a bag of meat
    31 | D        | Noticed a destroyer
    32 | D        | Noticed a bag of meat
    33 | D        | Killed a destroyer
    34 | D        | Killed a bag of meat
    34 | D        | Reached skill level 27 in Stealth
    34 | D        | Killed a destroyer
    35 | D        | Killed a nine-headed meat hydra
    36 | D        | Noticed a bag of meat
    36 | D        | Noticed a bag of meat
    36 | D        | Noticed a bag of meat
    36 | D        | Noticed a destroyer
    36 | D        | Noticed a destroyer
    37 | D        | Noticed a bag of meat
    37 | D        | Noticed a sculptor of flesh
    37 | D        | Killed a bag of meat
    38 | D        | Noticed a bag of meat
    38 | D        | Killed a bag of meat
    38 | D        | Reached XP level 23. HP: 219/219 MP: 24/46
    38 | D        | Killed a bag of meat
    39 | D        | Noticed a bag of meat
    39 | D        | Noticed a destroyer
    39 | D        | Killed a sculptor of flesh
    40 | D        | Noticed a destroyer
    40 | D        | Noticed a bag of meat
    40 | D        | Killed a destroyer
    40 | D        | Killed a bag of meat
    41 | D        | Killed a destroyer
    42 | D        | Noticed a destroyer
    43 | D        | Noticed a bag of meat
    43 | D        | Killed a destroyer
    43 | D        | Reached XP level 24. HP: 227/227 MP: 25/48
    44 | D        | Noticed a meat berserker
    44 | D        | Noticed a meat berserker
    45 | D        | Noticed a bag of meat
    45 | D        | Killed a bag of meat
    45 | D        | Reached skill level 27 in Unarmed Combat
    45 | D        | Reached skill level 27 in Spellcasting
    45 | D        | Killed a bag of meat
    45 | D        | Killed a bag of meat
    45 | D        | Killed a bag of meat
    45 | D        | Reached skill level 27 in Throwing
    46 | D        | Noticed a bag of meat
    46 | D        | Noticed a bag of meat
    47 | D        | Killed a bag of meat
    48 | D        | Noticed a bag of meat
    48 | D        | Killed a bag of meat
    48 | D        | Killed a bag of meat
    49 | D        | Killed a destroyer
    49 | D        | Reached XP level 25. HP: 234/234 MP: 26/49
    50 | D        | Noticed a bag of meat
    50 | D        | Noticed a destroyer
    50 | D        | Killed a bag of meat
    50 | D        | Killed a meat berserker
    51 | D        | Noticed a destroyer
    51 | D        | Killed a meat berserker
    52 | D        | Noticed a bag of meat
    52 | D        | Noticed a destroyer
    53 | D        | Noticed an accursed
    53 | D        | Killed a destroyer
    53 | D        | Killed a bag of meat
    53 | D        | Killed a bag of meat
    53 | D        | Killed a destroyer
    54 | D        | Noticed a tyrant
    54 | D        | Killed a destroyer
    54 | D        | Reached XP level 26. HP: 242/242 MP: 27/50
    55 | D        | Noticed a tyrant
    55 | D        | Killed a bag of meat
    56 | D        | Killed a bag of meat
    57 | D        | Noticed a meat berserker
    57 | D        | Noticed a tyrant
    58 | D        | Noticed a bag of meat
    58 | D        | Noticed an accursed
    58 | D        | Killed a destroyer
    59 | D        | Killed a bag of meat
    60 | D        | Noticed an accursed
    62 | D        | Noticed a meat berserker
    63 | D        | Killed a tyrant
    63 | D        | Killed a meat berserker
    63 | D        | Killed an accursed
    64 | D        | Noticed a meat beast
    64 | D        | Killed an accursed
    65 | D        | Killed a meat berserker
    65 | D        | Reached XP level 27. HP: 202/249 MP: 30/50
    65 | D        | Killed a tyrant
    67 | D        | Killed a bag of meat
    67 | D        | Killed a bag of meat
    68 | D        | Noticed a bag of meat
    68 | D        | Killed a meat beast
    69 | D        | Noticed a meat berserker
    69 | D        | Killed an accursed
    70 | D        | Noticed a dread
    70 | D        | Killed a tyrant
    71 | D        | Noticed a bag of meat
    71 | D        | Noticed a sculptor of flesh
    72 | D        | Noticed a meat berserker
    72 | D        | Noticed a meat berserker
    73 | D        | Killed a meat berserker
    75 | D        | Noticed a meat berserker
    75 | D        | Killed a dread
    75 | D        | Killed a meat berserker
    75 | D        | Killed a meat berserker
    76 | D        | Noticed a tyrant
    76 | D        | Noticed a meat beast
    76 | D        | Noticed a dread
    77 | D        | Noticed a bag of meat
    77 | D        | Killed a sculptor of flesh
    77 | D        | Killed a meat beast
    78 | D        | Noticed a meat beast
    78 | D        | Killed a bag of meat
    79 | D        | Noticed a bag of meat
    79 | D        | Noticed a bag of meat
    79 | D        | Noticed a meat berserker
    80 | D        | Noticed a meat beast
    80 | D        | Noticed a bag of meat
    80 | D        | Noticed a lost soul
    80 | D        | Noticed a meat beast
    81 | D        | Noticed a bag of meat
    81 | D        | Noticed a bag of meat
    81 | D        | Noticed The Captor
    81 | D        | Killed a bag of meat
    82 | D        | Noticed a meat berserker
    82 | D        | Noticed a dread
    82 | D        | Noticed an accursed
    82 | D        | Noticed an accursed
    83 | D        | Noticed a tyrant
    83 | D        | Killed a meat berserker
    83 | D        | Killed a meat beast
    83 | D        | Killed a dread
    83 | D        | Killed a meat berserker
    84 | D        | Noticed a large bag of meat
    84 | D        | Noticed a meat berserker
    84 | D        | Killed a meat beast
    85 | D        | Noticed a meat beast
    85 | D        | Noticed a lost soul
    85 | D        | Noticed a meat beast
    86 | D        | Noticed a sculptor of flesh
    86 | D        | Noticed a sculptor of flesh
    86 | D        | Noticed a large bag of meat
    86 | D        | Noticed a lost soul
    86 | D        | Killed a meat beast
    87 | D        | Noticed a bag of meat
    87 | D        | Noticed a meat berserker
    87 | D        | Noticed a meat beast
    87 | D        | Noticed a lost soul
    87 | D        | Killed a lost soul
    87 | D        | Killed a bag of meat
    88 | D        | Noticed a meat berserker
    88 | D        | Noticed an accursed
    88 | D        | Noticed a bag of meat
    88 | D        | Noticed a bag of meat
    88 | D        | Killed a tyrant
    88 | D        | Killed The Captor
    88 | D        | Killed a bag of meat
    89 | D        | Noticed a destroyer
    89 | D        | Noticed a sculptor of flesh
    89 | D        | Killed a meat berserker
    89 | D        | Killed a dread
    89 | D        | Killed a meat beast
    89 | D        | Killed a meat berserker
    90 | D        | Killed a destroyer
    91 | D        | Noticed a meat beast
    91 | D        | Noticed a bag of meat
    91 | D        | Noticed a meat berserker
    91 | D        | Noticed a bag of meat
    91 | D        | Noticed a lost soul
    91 | D        | Killed a meat beast
    91 | D        | Killed a meat beast
    92 | D        | Noticed a meat beast
    92 | D        | Noticed a meat berserker
    92 | D        | Noticed a bag of meat
    92 | D        | Noticed a bag of meat
    92 | D        | Killed a large bag of meat
    92 | D        | Killed from afar by a lost soul

Action                   |  1- 3 |  4- 6 |  7- 9 | 10-12 | 13-15 | 16-18 | 19-21 | 22-24 | 25-27 || total
-------------------------+-------+-------+-------+-------+-------+-------+-------+-------+-------++-------
Melee: Executioner's axe |     1 |       |       |     1 |     3 |     5 |     7 |    14 |    33 ||    64
Invok: Greater Servant o |       |       |       |       |       |       |       |       |     1 ||     1
